General information
- name: BNet
- type: Ladder 1vs1/FFA
- host: Battle.net
- saver: GnR158
map: GnollWood
- players: 2
- length: 38:47
- speed: Fast
- version: 1.26 W3XP
- replay type: Public
» download(139 KB)
Players
team 1 (loser)
Jsan (
green | 94 APM | 3650 actions | 38:44)
8 Blademaster
2 Wind Walk
3 Critical Strike
1 Bladestorm
2 Mirror Image
6 Shadow Hunter
2 Hex
3 Healing Wave
1 Big Bad Voodoo
» actions
| Assign group hotkey | 51 | |
| Build / train | 107 | |
| Enter build submenu | 19 | |
| Enter hero's abilities submenu | 14 | |
| Give item / drop item | 10 | |
| Right click | 1582 | |
| Select / deselect | 501 | |
| Select group hotkey | 1071 | |
| Use ability | 295 | |
3650 total
» units
| Peon | 14 | |
| Grunt | 1 | |
| Wind Rider | 5 | |
| Raider | 11 | |
| Spirit Walker | 10 | |
| Kodo Beast | 1 | |
| Troll Batrider | 3 | |
| Shaman | 2 | |
| Troll Headhunter/Berserker | 2 | |
49 total
» upgrades
| Ensnare | 1 | |
| Spirit Walker Training | 1 | |
| Reinforced Defenses | 1 | |
| Shaman Training | 2 | |
| Pillage | 1 | |
| Berserker Upgrade | 1 | |
7 total
» buildings
| Altar of Storms | 1 | |
| Orc Burrow | 5 | |
| Voodoo Lounge | 1 | |
| Stronghold | 2 | |
| Barracks | 1 | |
| War Mill | 2 | |
| Beastiary | 2 | |
| Fortress | 1 | |
| Spirit Lodge | 2 | |
| Great Hall | 3 | |
20 total
» build order
00:07 Altar of Storms
00:17 Orc Burrow
00:57 Voodoo Lounge
02:29 Stronghold
02:29 Stronghold
02:43 Barracks
03:27 Orc Burrow
03:53 Orc Burrow
04:07 War Mill
05:03 Beastiary
05:19 War Mill
05:55 Beastiary
07:36 Fortress
09:01 Orc Burrow
09:05 Orc Burrow
09:08 Spirit Lodge
15:06 Great Hall
18:01 Great Hall
25:13 Spirit Lodge
29:12 Great Hall
» items
| Scroll of Speed | 2 | |
| Healing Salve | 11 | |
| Circlet of Nobility | 1 | |
| Lesser Clarity Potion | 5 | |
| Boots of Speed | 1 | |
| Potion of Healing | 2 | |
| Orb of Lightning | 1 | |
| Potion of Mana | 3 | |
| Scroll of Town Portal | 1 | |
| Potion of Lesser Invulnerability | 2 | |
29 total
team 2 (winner)
GnR158 (
yellow | 139 APM | 5390 actions | 38:47)
8 Goblin Tinker
3 Pocket Factory
3 Engineering Upgrade
1 Robo-Goblin
1 Cluster Rockets
4 Dark Ranger
2 Silence
2 Life Drain
» actions
| Assign group hotkey | 85 | |
| Basic commands | 11 | |
| Build / train | 134 | |
| ESC pressed | 2 | |
| Enter build submenu | 25 | |
| Enter hero's abilities submenu | 12 | |
| Give item / drop item | 6 | |
| Right click | 1962 | |
| Select / deselect | 1210 | |
| Select group hotkey | 1770 | |
| Use ability | 173 | |
5390 total
» units
| Wisp | 29 | |
| Huntress | 9 | |
| Druid of the Talon | 15 | |
| Hippogryph | 6 | |
| Dryad | 19 | |
| Chimaera | 12 | |
90 total
» upgrades
| Sentinel | 1 | |
| Abolish Magic | 1 | |
| Druid of the Talon Training | 2 | |
| Well Spring | 1 | |
| Corrosive Breath | 1 | |
| Reinforced Hides | 2 | |
| Strength of the Wild | 1 | |
| Nature's Blessing | 1 | |
10 total
» buildings
| Moon Well | 6 | |
| Altar of Elders | 1 | |
| Hunter's Hall | 1 | |
| Ancient of War | 1 | |
| Ancient of Wonders | 1 | |
| Tree of Ages | 1 | |
| Ancient of Lore | 1 | |
| Ancient of Wind | 2 | |
| Ancient Protector | 7 | |
| Tree of Eternity | 1 | |
| Tree of Life | 1 | |
| Chimaera Roost | 2 | |
25 total
» build order
00:18 Moon Well
00:38 Altar of Elders
01:43 Hunter's Hall
01:58 Ancient of War
02:11 Moon Well
02:26 Moon Well
02:47 Ancient of Wonders
03:34 Tree of Ages
04:25 Moon Well
05:57 Ancient of Lore
05:59 Ancient of Wind
06:34 Moon Well
07:03 Ancient Protector
08:28 Ancient Protector
09:08 Ancient of Wind
11:11 Moon Well
11:41 Tree of Eternity
12:19 Tree of Life
12:32 Ancient Protector
14:47 Chimaera Roost
22:51 Ancient Protector
23:42 Chimaera Roost
23:51 Ancient Protector
26:21 Ancient Protector
34:50 Ancient Protector
» items
| Boots of Speed | 1 | |
| Staff of Teleportation | 1 | |
| Moonstone | 3 | |
| Lesser Clarity Potion | 1 | |
| Potion of Lesser Invulnerability | 3 | |
| Potion of Invisibility | 1 | |
| Potion of Healing | 2 | |
| Scroll of Protection | 3 | |
| Scroll of Town Portal | 1 | |
16 total
Chat log
(08:16 / All) GnR158: mh a lot you fuck?
(08:33 / All) GnR158: useless noob
(08:39 / All) GnR158: even with hacks.. you suck balls
(08:45 / All) Jsan: thx bitch
(13:37 / All) GnR158: stupid noob
(13:40 / All) GnR158: maphacking useless fuck
(15:40 / All) Jsan: noob
(15:42 / All) GnR158: stfu
(15:46 / All) GnR158: useless fucking maphacking fuck
(18:58 / All) GnR158: NOOOB
(19:00 / All) GnR158: useless fuck
(19:18 / All) GnR158: u suck balls
(19:20 / All) GnR158: uninstall now
(19:22 / All) GnR158: even with maphacks
(19:58 / All) GnR158: replay posted
(20:53 / All) GnR158: useless
(20:54 / All) GnR158: just uselees
(21:44 / All) GnR158: USELESS
(21:45 / All) GnR158: HAHAHAHA
(23:28 / All) GnR158: USELEESS
(23:29 / All) GnR158: HAHAHA
(24:15 / All) GnR158: nice
(24:44 / All) GnR158: useless
(25:23 / All) GnR158: JUST USELESS
(25:25 / All) GnR158: JIHO DA PUTA
(25:26 / All) GnR158: HAHAHAHAH
(32:43 / All) GnR158: HAHAHHAHAAH
(32:51 / All) GnR158: fuck you now
(32:52 / All) GnR158: nooob
(35:18 / All) GnR158: HAHAHAH
(35:19 / All) GnR158: dumb fucking nooob
(35:23 / All) GnR158: even with hacks
(35:25 / All) Jsan: fuck u
(35:25 / All) GnR158: you lose
(35:26 / All) Jsan: noob
(35:26 / All) GnR158: how
(35:27 / All) GnR158: does
(35:28 / All) GnR158: that
(35:29 / All) GnR158: make
(35:29 / All) GnR158: you
(35:30 / All) GnR158: feel?
(35:31 / All) GnR158: hahahha
(35:32 / All) Jsan: go die
(35:33 / All) Jsan: plz
(35:36 / All) Jsan: fuck
(35:41 / All) GnR158: replay posteed
(35:42 / All) GnR158: nooob
(35:43 / All) GnR158: HAHAHAHAH
(35:49 / All) GnR158: OWNED
(36:36 / All) GnR158: haaaaaaaahahah
(36:37 / All) GnR158: ahahahahah
(36:51 / All) GnR158: LET ME FUCKWITH YOU
(36:52 / All) GnR158: YOU FUCK
(37:49 / All) GnR158: hahahahha
(37:50 / All) GnR158: ahhahahaha
(37:59 / All) GnR158: this is where you leave
(38:04 / All) GnR158: and you get your name all over the internets
(38:39 / All) Jsan: noob
(38:42 / All) GnR158: hahahaha
(38:43 / All) GnR158: AHAHAHAH